 Dungeon Crawl Stone Soup version 0.28-a0-2-g643f2454ad (webtiles) character file.

Game seed: 10594741461988219021

62 Sin92 the Covered (level 3, -1/33 HPs)
             Began as a Minotaur Fighter on July 22, 2021.
             Slain by a gnoll (7 damage)
             ... on level 3 of the Dungeon.
             The game lasted 00:01:06 (1745 turns).

Sin92 the Covered (Minotaur Fighter)                Turns: 1745, Time: 00:01:07

Health: -1/33      AC:  8    Str: 20    XL:     3   Next: 85%
Magic:  2/2        EV:  7    Int:  5    God:
Gold:   91         SH:  9    Dex: 10    Spells: 2/2 levels left

rFire   . . .      SeeInvis .   a - +0 long sword
rCold   . . .      Faith    .   c - +0 kite shield
rNeg    . . .      Spirit   .   b - +0 scale mail
rPois   .          Reflect  .   (helmet restricted)
rElec   .          Harm     .   j - +0 cloak
rCorr   .          Rampage  .   (no gloves)
Will    .....                   (no boots)
Stlth   ..........              (no amulet)
HPRegen 0.11/turn               (no ring)
MPRegen 0.08/turn               (no ring)

@: flying
A: horns 2, retaliatory headbutt
a: no special abilities


You were on level 3 of the Dungeon.
You visited 1 branch of the dungeon, and saw 3 of its levels.

You collected 91 gold pieces.

Inventory:

Hand Weapons
 a - a +0 long sword (weapon)
Armour
 b - a +0 scale mail (worn)
 c - a +0 kite shield (worn)
 j - a +0 cloak (worn)
Jewellery
 e - a ring of magical power
Scrolls
 f - 2 scrolls of teleportation {unknown}
 h - a scroll of brand weapon {unknown}
 i - a scroll of amnesia {unknown}
Potions
 d - a potion of might


   Skills:
 + Level 4.0 Fighting
 * Level 3.5 Long Blades
 + Level 4.1 Armour
 + Level 1.3 Dodging
 + Level 4.1 Shields


You had 2 spell levels left.
You didn't know any spells.
Your spell library contained the following spells:

 Spells                   Type           Power      Damage    Failure   Level
 Sandblast                Erth           0%         2d4       99%         1
 Blink                    Tloc           N/A        N/A       100%        2
 Lesser Beckoning         Tloc           0%         N/A       100%        3
 Manifold Assault         Tloc           0%         N/A       100%        5


Dungeon Overview and Level Annotations

Branches:
Dungeon (3/15)

Altars:


Innate Abilities, Weirdness & Mutations

You have a pair of horns on your head.
You reflexively headbutt those who attack you in melee.


Message History

You block the gnoll's attack. The gnoll barely misses you.
The gnoll completely misses you. You furiously retaliate!
You headbutt the gnoll, but do no damage.
You riposte.
You hit the gnoll.
The gnoll is lightly wounded.
Your Fighting skill increases to level 4!
Your Shields skill increases to level 4!
You slash the gnoll!
The gnoll is severely wounded.
You block the gnoll's attack. The gnoll hits you with a +0 club.
You block the gnoll's attack.
There are monsters nearby!
Unknown command.
You hit the gnoll but do no damage. Your headbutt misses the gnoll.
The gnoll is severely wounded.
The gnoll closely misses you.
The gnoll hits you from afar with a +0 halberd!
You block the gnoll's attack.
There are monsters nearby!
Unknown command.
You are too injured to fight recklessly!
There are monsters nearby!
You are too injured to fight recklessly!
Unknown command.
There are monsters nearby!
You are too injured to fight recklessly!
Unknown command.
You hit the gnoll.
You kill the gnoll!
The gnoll hits you but does no damage.
The gnoll hits you from afar with a +0 halberd.
* * * LOW HITPOINT WARNING * * *
Unknown command.
It was a potion of flight.
You feel very buoyant.
You fly up into the air.
The gnoll hits you but does no damage. The gnoll hits you but does no damage.
Found 10 gold pieces.
You barely miss the gnoll. The gnoll hits you with a +0 halberd!
You die...

#.# #.. #
#.. .##$
#.. ...
..###.# #
....:##.#
#.#g.......
#.#@.####.#
#.).).....#
###(.......
#.#.#####
######.#.#
..........#
#.......#.#
#.#######.#
#.#


You could see a gnoll.

Vanquished Creatures
  2 gnolls (D:3)
  A worm (D:2)
  4 dart slugs
  An endoplasm (D:1)
  5 goblins
  A hobgoblin (D:3)
  3 jackals (D:2)
  3 kobolds (D:2)
  2 quokkas (D:2)
  2 ball pythons
  2 bats
  4 frilled lizards
  3 rats
33 creatures vanquished.

Notes
Turn   | Place    | Note
-------+----------+-------------------------------------------
     0 | D:1      | Sin92 the Minotaur Fighter began the quest for the Orb.
     0 | D:1      | Reached XP level 1. HP: 19/19 MP: 0/0
   738 | D:1      | Reached XP level 2. HP: 27/27 MP: 1/1
   969 | D:2      | Found a faded altar of an unknown god.
  1039 | D:2      | Got Plato's Volume of Clay
  1095 | D:2      | Reached skill level 1 in Dodging
  1181 | D:2      | Reached XP level 3. HP: 29/33 MP: 2/2
  1745 | D:3      | Slain by a gnoll

Illustrated notes

Levels and vault maps discovered:
D:1:      minmay_arrival_five_plusses, layout_basic, st_stairs_6,
          minmay_crystal_water, chequers_jeans
D:2:      layout_basic, shapermc_ecumenical_altar_rom_forum
D:3:      layout_loops_ring, zin_statuary, kennysheep_generic_room_13,
          uniq_sigmund, uniq_grinder

Skill      XL: |  1  2  3 |
---------------+----------+-----
Long Blades    | 3 |  3.5
Dodging        | 1 |  1.3
Armour         | 4 |  4.1
Fighting       | 4 |  4.0
Shields        | 4 |  4.1

Action                   || total
-------------------------++-------
Melee: Long sword        ||    75
       Headbutt          ||     7
  Use: Potion            ||     1
Armor: Scale mail        ||    28
Dodge: Dodged            ||    22
Block: Kite shield       ||    44
       Rpst.: Long sword ||     4

Table legend: (Time is in decaauts)
 A = Elapsed time spent in this place.
 B = Non-inter-level travel time spent in this place.
 C = Inter-level travel time spent in this place.
 D = Time resting spent in this place.
 E = Time spent auto-exploring this place.
 F = Levels seen in this place.
 G = Mean time per level.
                   A        B        C        D        E       F      G
               +--------+--------+--------+--------+--------+-----+--------+
         Total |   1781 |   1701 |     80 |      0 |   1495 |   3 |  593.7 |
       Dungeon |   1781 |   1701 |     80 |      0 |   1495 |   3 |  593.7 |
               +--------+--------+--------+--------+--------+-----+--------+

Top non-repeatable levels by time:
     D:1: 940 daAuts
     D:2: 808 daAuts
     D:3: 32 daAuts
